 Dungeon Crawl Stone Soup version 0.20.1-1-g8b1a95d (webtiles) character file.

447 Linguinho the Chopper (level 6, 0/48 HPs)
             Began as a Demonspawn Fighter on Nov 12, 2017.
             Slain by an ogre
             ... wielding a +0 giant club
              (19 damage)
             ... on level 4 of the Dungeon.
             The game lasted 00:04:21 (2897 turns).

Linguinho the Chopper (Demonspawn Fighter)          Turns: 2897, Time: 00:04:21

Health: 0/48       AC: 16    Str: 19    XL:     6   Next: 73%
Magic:  6/6        EV:  7    Int:  9    God:
Gold:   207        SH:  9    Dex: 12    Spells: 5/5 levels left

rFire    . . .     SeeInvis .   a - +0 war axe
rCold    . . .     Gourm    .   c - +0 shield
rNeg     . . .     Faith    .   b - +0 scale mail
rPois    .         Spirit   .   (no helmet)
rElec    .         Reflect  .   (no cloak)
rCorr    .         Harm     .   (no gloves)
MR       .....                  (no boots)
Stlth    ..........             (no amulet)
Regen    0.2/turn               (no ring)
MPRegen  0.1/turn               (no ring)

@: sanguine armour
A: claws 1, sanguine armour 2
a: no special abilities


You were on level 4 of the Dungeon.
You were hungry.

You visited 1 branch of the dungeon, and saw 4 of its levels.

You collected 207 gold pieces.

Inventory:

Hand Weapons
 a - a +0 war axe (weapon)
Armour
 b - a +0 scale mail (worn)
 c - a +0 shield (worn)
 u - a +2 robe of fire resistance
Jewellery
 i - an uncursed ring of protection from magic {unknown}
 j - an uncursed ring of see invisible {unknown}
 x - a +3 ring of evasion {unknown}
 y - an uncursed ring of fire {unknown}
Wands
 w - a wand of paralysis (8/24)
Scrolls
 e - a scroll of remove curse {unknown}
 n - 7 scrolls of teleportation {unknown}
 p - a scroll of identify {unknown}
 s - a scroll of random uselessness {unknown}
 v - 2 scrolls of enchant armour {unknown}
Potions
 d - a potion of cancellation {unknown}
 g - 2 potions of curing {unknown}
 h - a potion of lignification {unknown}
 k - a potion of ambrosia {unknown}
 l - 2 potions of berserk rage {unknown}
 o - 2 potions of haste {unknown}
 r - 2 potions of heal wounds {unknown}
 t - a potion of agility {unknown}
Comestibles
 f - 3 bread rations
 m - a meat ration
 q - a royal jelly


   Skills:
 + Level 4.0 Fighting
 + Level 4.7 Axes
 + Level 3.7 Armour
 + Level 0.6 Dodging
 + Level 3.8 Shields


You had 5 spell levels left.
You didn't know any spells.

Dungeon Overview and Level Annotations

Branches:
Dungeon (4/15)
 Temple: D:4-7

Altars:
Cheibriados
Kikubaaqudgha
Okawaru
Zin

Annotations:
D:3 2 transporters


Innate Abilities, Weirdness & Mutations

You have sharp fingernails.
When seriously injured, your bleeding wounds create thick armour. (AC +9)


Message History

You are too injured to fight recklessly!
You are too injured to fight recklessly!
You are too injured to fight recklessly!
You are too injured to fight recklessly!
You are too injured to fight recklessly!
You are too injured to fight recklessly!
You are too injured to fight recklessly!
You are too injured to fight recklessly!
You are too injured to fight recklessly!
You barely miss the ogre.
The ogre is heavily wounded.
You closely miss the orc. The orc hits you with a morningstar.
The ogre barely misses you. The orc hits you but does no damage.
Unknown command.
You barely miss the ogre.
The ogre is heavily wounded.
You slash the orc!
You kill the orc!
The ogre hits you with a giant club!!
You die...

#. #. #. .# #.# #. .#
#.### ##.##### .# #.#.##
####......###.###....###
'.......................
##..)##.##..###....###
#...O@.((#.......(##
#.#.).......##...##
##.....#..##.#.#
#..##.#..##.#.#
#..##.#..##†#.#
#.............#
......#####.### ###.####
#<# . #.#


You could see an ogre.

Vanquished Creatures
  Sigmund (D:3)
  A centaur (D:3)
  A scorpion (D:4)
  An orc priest (D:4)
  5 adders
  2 oozes (D:2)
  2 worms (D:2)
  2 dart slugs
  3 leopard geckos (D:2)
  8 orcs (D:4)
  8 bats
  5 giant cockroaches
  4 goblins
  5 hobgoblins
  4 jackals (D:1)
  9 kobolds
  3 quokkas
  2 ball pythons
  6 frilled lizards
  6 rats
78 creatures vanquished.

Vanquished Creatures (others)
  A plant (D:2)
1 creature vanquished.

Grand Total: 79 creatures vanquished

Notes
Turn   | Place    | Note
-------+----------+-------------------------------------------
     0 | D:1      | Linguinho the Demonspawn Fighter began the quest for the Orb.
     0 | D:1      | Reached XP level 1. HP: 18/18 MP: 1/1
    37 | D:1      | Gained mutation: When seriously injured, your bleeding wounds create armour. (AC +9) [demonic ancestry]
    37 | D:1      | Reached XP level 2. HP: 16/24 MP: 2/2
   756 | D:2      | Reached XP level 3. HP: 26/29 MP: 3/3
   906 | D:2      | Gained mutation: You have sharp fingernails. [demonic ancestry]
   906 | D:2      | Reached XP level 4. HP: 23/35 MP: 4/4
  1516 | D:3      | Noticed Sigmund
  1526 | D:3      | Killed Sigmund
  1526 | D:3      | Reached XP level 5. HP: 22/42 MP: 5/5
  1633 | D:3      | Noticed a centaur
  1648 | D:3      | Killed a centaur
  1648 | D:3      | Gained mutation: When seriously injured, your bleeding wounds create thick armour. (AC +9) [demonic ancestry]
  1648 | D:3      | Reached XP level 6. HP: 16/48 MP: 6/6
  1875 | D:3      | Found a snail-covered altar of Cheibriados.
  1875 | D:3      | Found an iron altar of Okawaru.
  1890 | D:3      | Found a glowing silver altar of Zin.
  1892 | D:3      | Found a faded altar of an unknown god.
  1894 | D:3      | Found an ancient bone altar of Kikubaaqudgha.
  1992 | D:3      | Found a faded altar of an unknown god.
  2081 | D:3      | Found a transporter.
  2141 | D:3      | Found a transporter.
  2897 | D:4      | Slain by an ogre

Skill      XL: |  1  2  3  4  5  6 |
---------------+-------------------+-----
Axes           | 2 3 4 |  4.7
Armour         | 3 |  3.7
Shields        | 3 |  3.8
Fighting       | 4 |  4.0
Dodging        | |  0.6

Action                   |  1- 3 |  4- 6 || total
-------------------------+-------+-------++-------
Melee: War axe           |    92 |   160 ||   252
  Use: Potion            |       |     1 ||     1
  Eat: Chunk             |       |     6 ||     6
Armor: Scale mail        |    45 |    53 ||    98
Dodge: Dodged            |    23 |    57 ||    80
Block: Shield            |    43 |    74 ||   117
